 Seeded DCSS version 0.31-a0-208-gdb31a4691d (webtiles) character file.

Game seed: 10414033630809901341 (custom seed)

378 innerfire43 the Trooper (level 6, -1/51 HPs)
             Began as a Demonspawn Monk on June 28, 2023.
             Was a Follower of Ashenzari.
             Slain by a kobold
             ... wielding a +1 dagger of distortion
              (18 damage)
             ... on level 3 of the Dungeon.
             The game lasted 00:03:44 (2316 turns).

innerfire43 the Trooper (Demonspawn Monk)           Turns: 2316, Time: 00:03:45

Health: -1/51      AC:  3    Str: 13    XL:     6   Next: 45%
Magic:  6/6        EV: 14    Int: 11    God:    Ashenzari [*.....]
Gold:   146        SH:  0    Dex: 16    Spells: 5/5 levels left

rFire   . . .        n - +9 great sword of Sewiefups {heavy, Stlth+}
rCold   . . .        (shield currently unavailable)
rNeg    . . .        b - +0 robe
rPois   .            (no helmet)
rElec   .            (no cloak)
rCorr   .            m - +0 pair of gloves
SInv    .            (no boots)
Will    .....        h - amulet "Cryptic Water Diviner" {Reflect SH+5, Alch, Cun} (curse)
Stlth   ++           k - ring of the Chained Augur {Slay+4, Cun, Comp} (curse)
HPRegen 0.28/turn    (no ring)
MPRegen 0.10/turn

%: reflection
@: confused, ambrosia-drunk
A: hooves 2, demonic guardian 1, weakness stinger 1
a: Renounce Religion, Shatter the Chains


You were on level 3 of the Dungeon.
You worshipped Ashenzari.
Ashenzari was aware of your devotion.
You visited 1 branch of the dungeon, and saw 3 of its levels.

You collected 146 gold pieces.

Inventory:

Hand Weapons
 a - a +0 falchion
 n - the +9 great sword of Sewiefups (weapon) {heavy, Stlth+}
   (You found it on level 2 of the Dungeon)

   Stlth:     It makes you more stealthy.
Armour
 b - a +0 robe (worn)
 d - an orb of light
 m - a +0 pair of gloves (worn)
Jewellery
 h - the cursed amulet "Cryptic Water Diviner" (around neck) {Reflect SH+5, Alch, Cun}
   (You found it on level 1 of the Dungeon)

   [amulet of reflection]

   It reflects blocked missile attacks.
   SH:        It affects your SH (+5).
   It has a curse which improves the following skills: Alchemy: Poison Magic and
   Transmutations.
   Cunning:   Dodging and Stealth.
 k - the cursed ring of the Chained Augur (left hand) {Slay+4, Cun, Comp}
   (You found it on level 1 of the Dungeon)

   [ring of slaying]

   Slay:      It affects your accuracy & damage with ranged weapons and melee
   (+4).
   It has a curse which improves the following skills: Cunning: Dodging and
   Stealth.
   Companions: Summonings and Necromancy.
 r - a ring of positive energy
Scrolls
 e - 3 scrolls of identify
 g - 4 scrolls of teleportation
 i - a scroll of blinking
 j - a scroll of fog
 l - 3 scrolls of revelation
 o - a scroll of immolation
 q - 2 scrolls of fear
Potions
 c - a potion of ambrosia
 p - 2 potions of curing


   Skills:
 * Level 5.4 Fighting
 + Level 3.9 Long Blades
 * Level 4.3(5.4) Dodging


You had 5 spell levels left.
You didn't know any spells.
Your spell library was empty.

Dungeon Overview and Level Annotations

Branches:
Dungeon (3/15)

Altars:
Ashenzari
Wu Jian


Innate Abilities, Weirdness & Mutations

You have hoof-like feet.
A weak demonic guardian rushes to your aid.
You have a small tail.


Message History

Porpoise's ghost is severely damaged.
You block porpoise's ghost's attack. x2; Porpoise's ghost barely misses you.
You miss porpoise's ghost.
Porpoise's ghost is severely damaged.
Porpoise's ghost closely misses you. Porpoise's ghost misses you.
You barely miss porpoise's ghost. Your kick misses porpoise's ghost.
Porpoise's ghost is heavily damaged.
Porpoise's ghost hits you. x2; A demonic guardian appears!
You slash porpoise's ghost! You kick porpoise's ghost.
You destroy porpoise's ghost!
Your Fighting skill increases to level 5!
Your base Dodging skill increases to level 4!
You have reached level 6!
Your demonic ancestry asserts itself...
You grow a small tail.
You barely miss the kobold brigand. Your kick misses the kobold brigand.
The kobold brigand hits you with a +2 whip of chaos!
You block the kobold brigand's attack. The kobold brigand barely misses you.
You hit the kobold brigand.
Your tail-slap misses the kobold brigand.
The kobold brigand is lightly wounded.
The kobold brigand barely misses you.
The kobold brigand hits you with a +2 whip of chaos.
You feel your power leaking away.
Unknown command.
You slice the kobold brigand!!
You kill the kobold brigand!
The kobold hits you but does no damage. Space warps horribly around you!
* * * LOW HITPOINT WARNING * * *
Unknown command.
You feel much better.
The kobold hits you with a +1 dagger of distortion.
Space warps horribly around you!
* * * LOW HITPOINT WARNING * * *
Unknown command.
You are confused.
You feel invigorated.
The kobold hits you with a +1 dagger of distortion.
Space warps horribly around you!!
You die...

#.#.....# #####.###
##.'.###..##........
#..'.....[##.##...#.
#..KK###.$#.........
#K.#.....###.#......
#.K##~⌠~## #........
#...##### #####.##.
#K###.# #....
#KK@5.# #.###
#####.# ##.## #.#
##...## #.##
##..)..# #..##
##.......
##...####........
#.......'........
##...####.....>..
##..# ##.......


You could see 3 kobolds and a friendly quasit (summoned).

Vanquished Creatures
  The ghost of porpoise the Shooter, an amateur TeHu (D:3)
  A kobold brigand (D:3)
  A jelly (D:3)
  Terence (D:2)
  4 adders
  2 worms
  2 dart slugs
  7 orcs (D:3)
  8 bats
  6 endoplasms
  A giant cockroach (D:1)
  8 goblins
  4 hobgoblins
  7 jackals
  6 kobolds
  4 quokkas
  7 ball pythons
  4 frilled lizards
  5 rats
79 creatures vanquished.

Notes
Turn   | Place    | Note
-------+----------+-------------------------------------------
     0 | D:1      | innerfire43 the Demonspawn Monk began the quest for the
                  | Orb.
     0 | D:1      | Reached XP level 1. HP: 18/18 MP: 1/1
   180 | D:1      | Gained mutation: A weak demonic guardian rushes to your
                  | aid. [demonic ancestry]
   180 | D:1      | Reached XP level 2. HP: 17/24 MP: 2/2
   655 | D:1      | Discovered your monstrous ancestry.
   655 | D:1      | Gained mutation: You have large cloven feet. [demonic
                  | ancestry]
   655 | D:1      | Reached XP level 3. HP: 29/29 MP: 3/3
   899 | D:2      | Identified the +9 great sword of Sewiefups {heavy, Stlth+}
  1042 | D:2      | Noticed Terence
  1044 | D:2      | Reached skill level 4 in Fighting
  1049 | D:2      | Killed Terence
  1050 | D:2      | Gained mutation: You have hoof-like feet. [demonic
                  | ancestry]
  1050 | D:2      | Reached XP level 4. HP: 34/37 MP: 4/4
  1516 | D:3      | Found a faded altar of an unknown god.
  1605 | D:3      | Prayed at the altar of an unknown god.
  1605 | D:3      | Became a worshipper of Ashenzari the Shackled
  1618 | D:3      | Reached * piety under Ashenzari
  1647 | D:3      | Reached XP level 5. HP: 43/43 MP: 5/5
  1860 | D:3      | Found an ornate altar of the Wu Jian Council.
  2001 | D:3      | Found a runed translucent gate.
  2001 | D:3      | Found a runed translucent gate.
  2001 | D:3      | Found a runed translucent gate.
  2002 | D:3      | Noticed porpoise's ghost (amateur TeHu)
  2311 | D:3      | Killed porpoise's ghost
  2312 | D:3      | Reached skill level 5 in Fighting
  2312 | D:3      | Gained mutation: You have a small tail. [demonic ancestry]
  2312 | D:3      | Reached XP level 6. HP: 31/51 MP: 6/6
  2316 | D:3      | Slain by a kobold

Illustrated notes

Levels and vault maps discovered:
D:1:      heliophobic_arrival_henge, layout_basic
D:2:      layout_rooms, uniq_terence
D:3:      layout_loops_corners, mainiacjoe_overflow_cross_hatched,
          nicolae_wu_jian_immortal_techniques, gammafunk_ghost_nasty_kobolds,
          shapermc_ecumenical_altar_flowoftime

Skill      XL: |  1  2  3  4  5 |
---------------+----------------+-----
Dodging        | 3 4 |  4.3
Long Blades    | 3 |  3.9
Fighting       | 4 5 |  5.4

Action                     |  1- 3 |  4- 6 || total
---------------------------+-------+-------++-------
  Melee: Falchion          |    63 |       ||    63
         Great sword       |    12 |    58 ||    70
         Kick              |     5 |    16 ||    21
 Invoke: Curse Item        |       |     2 ||     2
    Use: Potion            |       |     2 ||     2
   Stab: Sleeping          |     2 |     6 ||     8
 Armour: Robe              |    13 |     7 ||    20
  Dodge: Dodged            |    62 |    32 ||    94
  Block: Other             |     3 |    13 ||    16

Table legend: (Time is in decaauts)
 A = Elapsed time spent in this place.
 B = Non-inter-level travel time spent in this place.
 C = Inter-level travel time spent in this place.
 D = Time resting spent in this place.
 E = Time spent auto-exploring this place.
 F = Levels seen in this place.
 G = Mean time per level.
                   A        B        C        D        E       F      G
               +--------+--------+--------+--------+--------+-----+--------+
         Total |   2415 |   2365 |     50 |      0 |   1807 |   3 |  805.0 |
       Dungeon |   2415 |   2365 |     50 |      0 |   1807 |   3 |  805.0 |
               +--------+--------+--------+--------+--------+-----+--------+

Top non-repeatable levels by time:
     D:3: 1073 daAuts
     D:1: 902 daAuts
     D:2: 440 daAuts
